 Dungeon Crawl Stone Soup version 0.25-a0-528-g6b7c99946c (webtiles) character file.

Game seed: 16859960880412138983, levelgen mode: classic

269586 EnegeticOcto the Champion of Chaos (level 18, -1/180 HPs)
             Began as a Deep Dwarf Fighter on Feb 19, 2020.
             Was the Champion of Makhleb.
             Slain by a caustic shrike (11 damage)
             ... on level 2 of the Depths.
             The game lasted 00:21:06 (19630 turns).

EnegeticOcto the Champion of Chaos (DDFi)          Turns: 19630, Time: 00:21:06

Health: -1/180     AC: 22    Str: 26    XL:     18   Next: 97%
Magic:  1/1        EV: 16    Int: 11    God:    Makhleb [******]
Gold:   947        SH: 14    Dex: 14    Spells: 17/17 levels left

rFire    + + .     SeeInvis .   r - +3 broad axe (protect)
rCold    . . .     Gourm    .   x - +0 kite shield {reflect}
rNeg     + + .     Faith    +   L - +3 fire dragon scales
rPois    +         Spirit   .   (helmet restricted)
rElec    +         Reflect  +   f - scarf {cloud immunity}
rCorr    .         Harm     .   (no gloves)
MR       +++..                  (no boots)
Stlth    ..........             H - amulet of Lesser Demons {Faith rElec rC+ rN+ MR+}
HPRegen  0.00/turn              b - ring of Robustness {AC+8, =R}
MPRegen  0.07/turn              a - ring of the Sky {rPois Slay+5}

@: about to teleport, corroded, protection aura, non-regenerating
A: damage resistance, heal wounds, horns 1, agile 1, mutation resistance 1,
negative energy resistance 1, sense surroundings 3, no regeneration
}: 3/15 runes: decaying, serpentine, silver
a: Heal Wounds, Minor Destruction, Lesser Servant of Makhleb, Major Destruction,
Greater Servant of Makhleb, Renounce Religion


You were on level 2 of the Depths.
You worshipped Makhleb.
Makhleb was exalted by your worship.
You were not hungry.

You visited 7 branches of the dungeon, and saw 36 of its levels.
You visited 1 bazaar.
You also visited: Ice Cave.

You collected 2521 gold pieces.
You spent 1574 gold pieces at shops.

Inventory:

Hand Weapons
 r - a +3 broad axe of protection (weapon)
Missiles
 v - 2 throwing nets (quivered)
Armour
 f - a scarf of cloud immunity (worn)
 x - a +0 kite shield of reflection (worn)
 L - +3 fire dragon scales (worn)
Jewellery
 a - the ring of the Sky (right hand) {rPois Slay+5}
   (You found it in an ice cave)

   [ring of slaying]

   It affects your accuracy and damage with ranged weapons and melee attacks
   (+5).
   It protects you from poison.
 b - the ring of Robustness (left hand) {AC+8, =R}
   (You found it on level 1 of the Swamp)

   [ring of protection]

   It affects your AC (+8).
 H - the amulet of Lesser Demons (around neck) {Faith rElec rC+ rN+ MR+}
   (You acquired it on level 9 of the Dungeon)

   [amulet of faith]

   It allows you to gain divine favour quickly.
   It protects you from cold.
   It insulates you from electricity.
   It protects you from negative energy.
   It affects your resistance to hostile enchantments.
Wands
 i - a wand of polymorph (17)
 y - a wand of digging (14) {@V2}
 F - a wand of iceblast (39)
 G - a wand of flame (52)
 N - a wand of clouds (1)
 Q - a wand of acid (5) {@V1}
Scrolls
 c - a scroll of random uselessness
 h - a scroll of immolation {@r4}
 l - 2 scrolls of magic mapping {@r5}
 q - 3 scrolls of fog
 t - 9 scrolls of teleportation {@r2}
 w - 19 scrolls of remove curse {@r6}
 B - 2 scrolls of summoning
 E - 2 scrolls of blinking {@r3}
 I - 4 scrolls of fear
Potions
 d - 4 potions of curing {@q1}
 g - 4 potions of lignification {@q7}
 j - 5 potions of stabbing {@q5}
 k - 2 potions of might {@q3}
 m - 4 potions of resistance {@q6}
 n - a potion of haste {@q4}
 o - 2 potions of berserk rage
 p - a potion of magic
 u - 7 potions of brilliance
 z - 5 potions of mutation
 A - 4 potions of degeneration
 C - 2 potions of flight
 J - 2 potions of heal wounds {@q2}
 M - 2 potions of cancellation
Miscellaneous
 K - a lamp of fire
Comestibles
 e - 52 rations
 s - 38 chunks of flesh


   Skills:
 * Level 15.6 Fighting
 * Level 18.0 Axes
 + Level 13.5 Armour
 - Level 10.2 Dodging
 + Level 13.5 Shields
 * Level 20.2 Invocations


You had 17 spell levels left.
You didn't know any spells.
Your spell library contained the following spells:

 Spells                   Type           Power        Failure   Level  Hunger
 Beastly Appendage        Tmut           #.....       65%         1    ##.....
 Corona                   Hex            #......      65%         1    ##.....
 Freeze                   Ice            #...         65%         1    ##.....
 Magic Dart               Conj           #...         65%         1    ##.....
 Blink                    Tloc           N/A          80%         2    ###....
 Call Imp                 Summ           #.......     80%         2    ###....
 Ensorcelled Hibernation  Hex/Ice        #.....       80%         2    ###....
 Searing Ray              Conj           #.....       80%         2    ###....
 Slow                     Hex            #.......     80%         2    ###....
 Sticks to Snakes         Tmut           #.......     80%         2    ###....
 Confusing Touch          Hex            #.......     95%         3    ####...
 Conjure Flame            Conj/Fire      #.......     95%         3    ####...
 Dazzling Flash           Conj/Hex       #.....       95%         3    ####...
 Frozen Ramparts          Ice            #.....       95%         3    ####...
 Mephitic Cloud           Conj/Pois/Air  #.......     95%         3    ####...
 Ozocubu's Armour         Chrm/Ice       #.......     95%         3    ####...
 Spider Form              Tmut/Pois      #.........   95%         3    ####...
 Tukima's Dance           Hex            #.......     95%         3    ####...
 Fulminant Prism          Conj/Hex       #.........   100%        4    #####..
 Hailstorm                Conj/Ice       #.......     100%        4    #####..
 Ice Form                 Ice/Tmut       #.......     100%        4    #####..
 Iskenderun's Mystic Bla  Conj/Tloc      #.......     100%        4    #####..
 Summon Ice Beast         Ice/Summ       #.......     100%        4    #####..
 Blade Hands              Tmut           #.........   100%        5    ######.


Dungeon Overview and Level Annotations

Branches:
Dungeon (15/15)            Temple (1/1) D:5            Lair (5/6) D:8
  Swamp (4/4) Lair:3        Snake (4/4) Lair:3          Orc (0/2) D:10
 Vaults (5/5) D:13         Depths (2/5) D:15          IceCv (visited)
  Slime: Lair:5-6     Crypt: Vaults:2-3

Altars:
Ashenzari
Cheibriados
Dithmenos
Elyvilon
Fedhas
Gozag
Hepliaklqana
Kikubaaqudgha
Makhleb
Nemelex Xobeh
Okawaru
Qazlal
Sif Muna
Uskayaw
Vehumet
Wu Jian
Xom
Yredelemnul
Zin

Shops:
D:7 *   Snake:1 *%*   Snake:4 !

Annotations:
D:10 5 runed translucent doors
D:13 3 runed translucent doors, Cusualon's ghost, journeyman DrSk
D:15 1 runed translucent door, Ulomoc's ghost, journeyman DDFi
Swamp:3 Roxanne
Snake:1 2 runed translucent doors, Hitos's ghost, journeyman DrSu


Innate Abilities, Weirdness & Mutations

You are resistant to damage.
You can heal yourself by infusing magical energy.
You resist negative energy. (rN+)
You passively map a large area around you.
You do not regenerate.
You have a pair of small horns on your head.
You are agile. (Dex +2)
You are somewhat resistant to further mutation.


Message History

You are too injured to fight recklessly!
You are too injured to fight recklessly!
You are too injured to fight recklessly!
You are too injured to fight recklessly!
You are too injured to fight recklessly!
You are too injured to fight recklessly!
You are too injured to fight recklessly!
You are too injured to fight recklessly!
You are too injured to fight recklessly!
You are too injured to fight recklessly!
You are too injured to fight recklessly!
You are too injured to fight recklessly!
You are too injured to fight recklessly!
You are too injured to fight recklessly!
Your magical essence is drained by the effort!
You feel much better.
A caustic shrike comes into view.
You block the tengu warrior's attack.
The tengu warrior pecks you but does no damage.
The tengu warrior claws you but does no damage.
You block the ice dragon's attack.
The ice dragon claws you but does no damage.
The ice dragon tramples you but does no damage.
A caustic shrike comes into view.
Your magical essence is drained by the effort!
You feel much better. The ettin completely misses you.
The ettin hits you with a +0 dire flail!!
The ice dragon closely misses you. You block the ice dragon's attack. x2
The caustic shrike claws you.
You are splashed with acid!
The yaktaur unwields a +0 arbalest.
You block the yaktaur's attack.
You hit the ice dragon. You headbutt the ice dragon!
The ice dragon is heavily wounded.
You slice the yaktaur!! You completely miss the ettin.
You slice the caustic shrike!! You hit the caustic shrike.
You block the caustic shrike's attack. You block the ettin's attack. x2
The ice dragon bites you. The ice dragon misses you.
The ice dragon tramples you but does no damage.
The caustic shrike claws you! The acid corrodes you!
You are splashed with acid!
The caustic shrike claws you but does no damage.
You slash the ice dragon!
The ice dragon is heavily wounded.
You hit the caustic shrike. You slice the caustic shrike!! You hit the ettin.
You hit the yaktaur.
The yaktaur hits you but does no damage.
The caustic shrike claws you!
You are splashed with acid.
You block the caustic shrike's attack.
The yaktaur shoots a bolt.
You reflect the bolt off your +0 kite shield of reflection!
The bolt hits the ettin.
You hear a splash.
The ogre mage mumbles some strange words.
The ogre mage blinks!
The ice dragon misses you.
The ice dragon claws you but does no damage.
The ice dragon closely misses you.
You barely miss the ice dragon. You headbutt the ice dragon.
The ice dragon is heavily wounded.
You hit the caustic shrike but do no damage.
You closely miss the caustic shrike. You hit the ettin.
You barely miss the yaktaur. The ettin closely misses you.
The ettin hits you with a +0 dire flail!!
* * * LOW HITPOINT WARNING * * *
The yaktaur hits you but does no damage.
You are too injured to fight recklessly!
You are too injured to fight recklessly!
You are too injured to fight recklessly!
You are too injured to fight recklessly!
You are too injured to fight recklessly!
You are too injured to fight recklessly!
You are too injured to fight recklessly!
As you read the scroll of teleportation {@r2}, it crumbles to dust.
You feel strangely unstable. The caustic shrike claws you!
* * * LOW HITPOINT WARNING * * *
The acid corrodes you!
You are splashed with acid!
* * * LOW HITPOINT WARNING * * *
You block the caustic shrike's attack. The caustic shrike misses you.
The yaktaur shoots a bolt.
The bolt hits you.
* * * LOW HITPOINT WARNING * * *
The ettin hits you with a +0 great mace!!
* * * LOW HITPOINT WARNING * * *
You block the ettin's attack.
Your magical essence is drained by the effort!
You feel much better. You block the caustic shrike's attack.
The caustic shrike claws you!
* * * LOW HITPOINT WARNING * * *
The acid corrodes you!
You are splashed with acid!
* * * LOW HITPOINT WARNING * * *
The caustic shrike claws you but does no damage.
The caustic shrike closely misses you. x2
The caustic shrike barely misses you.
The ogre mage mumbles some strange words.
The ogre mage blinks!
The ettin hits you with a +0 great mace!
* * * LOW HITPOINT WARNING * * *
The ettin closely misses you. You block the caustic shrike's attack.
The yaktaur shoots a bolt.
You reflect the bolt off your +0 kite shield of reflection!
The bolt hits the ettin!
You hear a splash.
The caustic shrike claws you!
You die...

, * #...#÷÷[.## '* *
,*, #[#..#.## * , +, ,
#....#.....## ,* ,*
*#......#......## ,*,
........#.......# *
*######+#####.......#
,,
,......c.(...?......#
, ,
,,...≈..b............#
, ≈,*
....QQb@.........≈.. ,
,
,.....DbbCc......$≈.#*
, ≈
.....§Dc≈..........# ,
...§(..≈≈.##......## ≈
,,
,.......≈≈.......### ,
, , .......≈≈.#.....#
,, ,,
.......≈≈.#..#### ,
,........... ..** ,, ^
(.(.....## ... *


You could see 4 caustic shrikes, a fire dragon, an ice dragon, an ettin, 2 tengu
warriors and 3 yaktaurs.

Vanquished Creatures
  Nikola (Vaults:2)
  A lich (Vaults:2)
  A tentacled monstrosity (Vaults:5)
  A sphinx (Vaults:2)
  Frances (Snake:1)
  Agnes (Snake:3)
  A large abomination (Vaults:2)
  A shadow dragon (Vaults:5)
  A tengu reaver (Vaults:5)
  Donald (Swamp:1)
  A fire giant (Depths:1)
  2 nagarajas (Snake:4)
  A deep elf sorcerer (Vaults:5)
  A frost giant (IceCv)
  6 vault wardens
  Aizul (Snake:1)
  6 ironheart preservers
  2 very ugly things (Depths:2)
  2 stone giants
  A vampire knight (Depths:2)
  4 entropy weavers
  A deep elf demonologist (Vaults:4)
  3 deep elf annihilators
  A crystal guardian (Vaults:4)
  4 ettins
  2 deep elf death magi
  2 yaktaur captains
  2 fire dragons (Depths:2)
  12 vault guards
  A great orb of eyes (Vaults:5)
  Harold (D:7)
  An ice dragon (Depths:2)
  Fannar (Lair:3)
  10 naga warriors
  Erica (Lair:2)
  5 hydras (Swamp:4)
  6 two-headed ogres
  A shambling mangrove (Swamp:1)
  8 anacondas
  2 death knights
  4 death yaks
  3 centaur warriors
  4 deep troll shamans
  4 ogre magi
  3 deep troll earth magi (Depths:2)
  3 alligators
  A small abomination (Vaults:2)
  11 naga sharpshooters
  2 shock serpents (Snake:1)
  3 deep elf knights (Vaults:4)
  8 skeletal warriors
  A salamander mystic (Snake:3)
  2 unseen horrors
  2 hell knights
  A fire crab (shapeshifter) (D:13)
  2 flayed ghosts (Vaults:4)
  13 deep trolls
  2 sea snakes (Snake:4)
  2 wizards (D:13)
  2 spriggan druids (Swamp:4)
  6 naga ritualists
  2 glowing orange brains
  2 deep elf archers
  8 swamp dragons
  4 orc knights
  2 harpies (Vaults:4)
  6 ironbrand convokers
  4 necromancers
  An orb spider (shapeshifter) (Vaults:2)
  A phantasmal warrior (Vaults:4)
  13 ugly things
  7 mana vipers
  A cyclops (D:13)
  An orc sorcerer (D:15)
  2 manticores
  6 deep elf magi
  A wolf spider (Vaults:4)
  6 salamanders
  A centaur zombie (D:11)
  11 naga magi
  3 vault sentinels
  8 spiny frogs
  Joseph (D:7)
  26 black mambas
  An ice statue (IceCv)
  7 komodo dragons
  15 yaktaurs
  A kobold demonologist (D:13)
  A redback zombie (D:15)
  A tengu conjurer (Depths:2)
  5 freezing wraiths
  5 trolls
  25 polar bears
  A jumping spider (Vaults:4)
  3 meliai (Lair:4)
  A queen bee (Lair:4)
  A wolf spider simulacrum (D:15)
  8 tyrant leeches
  8 blink frogs
  15 slime creatures
  5 bog bodies
  7 hippogriffs
  A redback (Vaults:2)
  4 vampires
  A shadow (Swamp:4)
  A fire elemental (D:15)
  2 spriggans
  35 yaks
  Grum (D:9)
  3 basilisks
  3 water elementals
  20 humans
  3 hungry ghosts
  15 vampire mosquitoes
  A warg (D:15)
  An acid dragon (Vaults:2)
  5 swamp worms
  7 insubstantial wisps
  30 nagas
  8 water moccasins
  2 porcupines
  13 soldier ants (Lair:4)
  7 swamp drakes (Swamp:4)
  4 ice beasts
  3 sky beasts
  2 black bears
  9 orc warriors
  An eye of draining (shapeshifter) (Depths:2)
  6 necrophages (D:11)
  4 phantoms
  12 ogres
  8 centaurs
  16 wolves
  3 crocodiles
  6 big kobolds
  14 bullfrogs
  A gnoll sergeant (D:12)
  A wyvern zombie (D:13)
  5 scorpions
  27 killer bees
  9 wights
  An electric eel (Snake:4)
  11 crimson imps
  A bullfrog zombie (D:11)
  4 jellies
  A lava snake (D:15)
  8 hounds
  6 orc priests
  A bullfrog skeleton (D:5)
  3 centaur skeletons
  4 iguanas
  12 orc wizards
  23 worker ants
  2 hound skeletons
  12 gnolls
  9 adders
  A shadow imp (D:5)
  An ooze (D:6)
  An adder zombie (D:5)
  A worm (D:4)
  2 dart slugs (D:2)
  3 leopard geckos
  62 orcs
  2 giant cockroaches (D:8)
  4 hobgoblins
  4 jackals (D:4)
  5 quokkas
  2 bats
  A frilled lizard (D:3)
  17 kobolds
  A quokka skeleton (D:4)
  2 rats
  2 crawling corpses (Vaults:2)
  A fungus (Lair:3)
911 creatures vanquished.

Vanquished Creatures (collateral kills)
  the Lernaean hydra (Swamp:4)
  A titan (Vaults:5)
  5 nagarajas (Snake:4)
  A frost giant (Vaults:5)
  An emperor scorpion (D:15)
  An entropy weaver (Lair:4)
  A dire elephant (D:15)
  A deep elf death mage (Vaults:5)
  A great orb of eyes (Vaults:5)
  10 hydras
  A naga warrior (Snake:4)
  5 vault guards (Vaults:5)
  2 death knights
  A queen ant (Lair:4)
  2 naga sharpshooters (Snake:4)
  A spriggan (Swamp:4)
  2 skeletal warriors (D:15)
  A deep troll (Vaults:5)
  An unseen horror (D:12)
  2 swamp dragons (Swamp:4)
  An orc knight (D:15)
  7 naga magi (Snake:4)
  A centaur skeleton (D:15)
  A spiny frog (Lair:2)
  2 freezing wraiths
  A komodo dragon (Lair:2)
  2 hornets (Swamp:4)
  A blink frog (Lair:2)
  4 yaks (Lair:2)
  A wraith (D:12)
  5 humans (D:13)
  A basilisk (Lair:2)
  A vampire mosquito (Swamp:4)
  A warg (D:15)
  5 soldier ants (Lair:4)
  4 nagas (Snake:4)
  An orc warrior (D:15)
  2 swamp drakes (Swamp:4)
  5 killer bees (Lair:4)
  A wight (D:12)
  8 worker ants (Lair:4)
  An orc (D:15)
  2 plants
99 creatures vanquished.

Vanquished Creatures (others)
  A naga warrior (Snake:4)
  2 naga sharpshooters
  An ironbrand convoker (Vaults:2)
  An orc knight (Vaults:2)
  A deep elf mage (Vaults:5)
  2 naga magi (Snake:4)
  A black mamba (Snake:1)
  A yaktaur (Vaults:4)
  3 orc warriors (Vaults:2)
  A wolf (IceCv)
  3 orc wizards
  A quokka (D:14)
  2 fungi (Lair:2)
  16 plants
36 creatures vanquished.

Grand Total: 1046 creatures vanquished

Notes
Turn   | Place    | Note
-------+----------+-------------------------------------------
     0 | D:1      | EnegeticOcto the Deep Dwarf Fighter began the quest for the
                  | Orb.
     0 | D:1      | Reached XP level 1. HP: 20/20 MP: 1/1
   157 | D:2      | Found a shimmering blue altar of Sif Muna.
   163 | D:2      | Reached XP level 2. HP: 24/27 MP: 2/2
   394 | D:3      | Noticed a scorpion
   418 | D:3      | Killed a scorpion
   418 | D:3      | Reached skill level 1 in Dodging
   418 | D:3      | Reached XP level 3. HP: 23/34 MP: 3/3
   418 | D:3      | Reached XP level 4. HP: 28/42 MP: 4/4
   580 | D:4      | Reached XP level 5. HP: 43/49 MP: 4/4
   931 | D:4      | Reached XP level 6. HP: 57/57 MP: 4/4
  1190 | D:5      | Entered Level 5 of the Dungeon
  1225 | D:5      | Found a staircase to the Ecumenical Temple.
  1244 | Temple   | Entered the Ecumenical Temple
  1277 | Temple   | Became a worshipper of Makhleb the Destroyer
  1340 | D:5      | Reached skill level 1 in Invocations
  1340 | D:5      | Reached XP level 7. HP: 47/66 MP: 2/4
  1364 | D:5      | Found an iron altar of Okawaru.
  1433 | D:5      | Reached skill level 2 in Invocations
  1474 | D:5      | Reached skill level 5 in Axes
  1770 | D:5      | Reached skill level 3 in Invocations
  1906 | D:6      | Noticed a human
  1910 | D:6      | Noticed a human
  1911 | D:6      | Reached skill level 5 in Fighting
  1915 | D:6      | Killed a human
  1915 | D:6      | Reached XP level 8. HP: 46/74 MP: 6/6
  1919 | D:6      | Reached skill level 5 in Armour
  1920 | D:6      | Reached skill level 5 in Shields
  1950 | D:6      | Reached skill level 4 in Invocations
  2395 | D:6      | Reached * piety under Makhleb
  2411 | D:6      | Reached skill level 5 in Invocations
  2473 | D:6      | Gained mutation: You passively map the area around you.
                  | [Deep Dwarf growth]
  2473 | D:6      | Reached XP level 9. HP: 44/82 MP: 6/6
  2817 | D:6      | Found a glowing silver altar of Zin.
  2818 | D:6      | Noticed an angel
  3040 | D:7      | Noticed Harold
  3068 | D:7      | Reached skill level 6 in Invocations
  3077 | D:7      | Killed Harold
  3079 | D:7      | Reached skill level 5 in Dodging
  3079 | D:7      | Reached skill level 7 in Invocations
  3090 | D:7      | Found an opulent altar of Gozag.
  3405 | D:7      | Found Zicezere's General Store.
  3623 | D:7      | Reached ** piety under Makhleb
  3670 | D:7      | Reached XP level 10. HP: 68/92 MP: 6/6
  3690 | D:7      | Noticed Joseph
  3716 | D:7      | Killed Joseph
  3943 | D:8      | Gained mutation: You can translocate small distances at
                  | will. [potion of mutation]
  3943 | D:8      | Gained mutation: Armour fits poorly on your strangely
                  | shaped body. [potion of mutation]
  3943 | D:8      | Gained mutation: You are partially covered in slimy green
                  | scales. (AC +2) [potion of mutation]
  3944 | D:8      | Lost mutation: Armour fits poorly on your strangely shaped
                  | body. [potion of mutation]
  3944 | D:8      | Lost mutation: You are partially covered in slimy green
                  | scales. (AC +2) [potion of mutation]
  3944 | D:8      | Lost mutation: You can translocate small distances at will.
                  | [potion of mutation]
  3944 | D:8      | Gained mutation: You are agile. (Dex +2) [potion of
                  | mutation]
  3944 | D:8      | Gained mutation: You have a pair of small horns on your
                  | head. [potion of mutation]
  3944 | D:8      | Gained mutation: You are somewhat resistant to further
                  | mutation. [potion of mutation]
  4039 | D:8      | Found a staircase to the Lair.
  4144 | D:8      | Reached skill level 8 in Invocations
  4383 | D:8      | Noticed a two-headed ogre
  4393 | D:8      | Killed a two-headed ogre
  4556 | D:9      | Found a shadowy altar of Dithmenos.
  4572 | D:9      | Identified a scroll of acquirement
  4572 | D:9      | Identified the +7 war axe of the Invisible Places {pain,
                  | rN+} (You acquired it on level 9 of the Dungeon)
  4572 | D:9      | Identified the amulet of Lesser Demons {Faith rElec rC+ rN+
                  | MR+} (You acquired it on level 9 of the Dungeon)
  4630 | D:9      | Reached *** piety under Makhleb
  4667 | D:9      | Noticed Grum
  4674 | D:9      | Reached skill level 9 in Invocations
  4691 | D:9      | Killed Grum
  4962 | D:10     | Entered Level 10 of the Dungeon
  5076 | D:10     | Found the +9 staff of Olgreb {rPois∞}
  5079 | D:10     | Found a runed translucent door.
  5269 | D:10     | Found a runed translucent gate.
  5270 | D:10     | Found a runed translucent gate.
  5280 | D:10     | Found a runed translucent gate.
  5366 | D:10     | Found a runed translucent door.
  5477 | D:10     | Reached XP level 11. HP: 79/103 MP: 7/7
  5492 | D:10     | Reached **** piety under Makhleb
  5597 | D:10     | Found a staircase to the Orcish Mines.
  5776 | D:11     | Reached ***** piety under Makhleb
  6060 | D:11     | Reached skill level 10 in Invocations
  6159 | D:11     | Reached skill level 10 in Axes
  6208 | D:11     | Killed an unseen horror
  6795 | D:12     | Noticed a death knight
  6796 | D:12     | Noticed a skeletal warrior
  6814 | D:12     | Killed a death knight
  6818 | D:12     | Killed an unseen horror
  6822 | D:12     | Killed a skeletal warrior
  6822 | D:12     | Reached skill level 11 in Invocations
  7364 | D:13     | Reached XP level 12. HP: 114/114 MP: 9/9
  7467 | D:13     | Found a runed translucent gate.
  7468 | D:13     | Found a runed translucent gate.
  7468 | D:13     | Noticed Cusualon's ghost (journeyman DrSk)
  7469 | D:13     | Found a runed translucent gate.
  7775 | D:13     | Found a gate to the Vaults.
  7775 | D:13     | Noticed a vault guard
  7802 | D:13     | Killed a vault guard
  7802 | D:13     | Reached skill level 12 in Invocations
  8221 | D:14     | Reached skill level 10 in Fighting
  8277 | D:14     | Found a white marble altar of Elyvilon.
  8351 | D:14     | Got an ancient amethyst amulet
  8415 | D:14     | Noticed a centaur warrior
  8426 | D:14     | Killed a centaur warrior
  8426 | D:14     | Reached ****** piety under Makhleb
  8963 | D:15     | Entered Level 15 of the Dungeon
  9104 | D:15     | Reached XP level 13. HP: 113/123 MP: 8/8
  9225 | D:15     | Found a runed translucent door.
  9226 | D:15     | Found a shimmering altar of Xom.
  9226 | D:15     | Noticed Ulomoc's ghost (journeyman DDFi)
  9319 | D:15     | Reached skill level 13 in Invocations
  9456 | D:15     | Found a staircase to the Depths.
  9456 | D:15     | Noticed a dire elephant
  9459 | D:15     | Noticed an emperor scorpion
  9486 | D:15     | Killed a dire elephant
  9493 | D:15     | HP: 3/124 [orc knight/+0 bardiche (11)]
  9496 | D:15     | Killed an emperor scorpion
 10196 | Lair:1   | Entered Level 1 of the Lair of Beasts
 10444 | Lair:2   | Reached skill level 14 in Invocations
 10469 | Lair:2   | Gained mutation: You resist negative energy. (rN+) [Deep
                  | Dwarf growth]
 10469 | Lair:2   | Reached XP level 14. HP: 135/135 MP: 5/5
 10686 | Lair:2   | Noticed Erica
 10700 | Lair:2   | Killed Erica
 10700 | Lair:2   | Reached skill level 10 in Armour
 11140 | Lair:3   | Reached skill level 10 in Shields
 11293 | Lair:3   | Found a staircase to the Snake Pit.
 11550 | Lair:3   | Noticed Fannar
 11566 | Lair:3   | Killed Fannar
 11727 | Lair:3   | Found a staircase to the Swamp.
 11855 | Lair:4   | Noticed an entropy weaver
 11858 | Lair:4   | Noticed an entropy weaver
 11874 | Lair:4   | Killed an entropy weaver
 11998 | Lair:4   | Found a frozen archway.
 12008 | IceCv    | Entered an ice cave
 12070 | IceCv    | Got a scintillating lapis lazuli ring
 12397 | IceCv    | Noticed a frost giant
 12419 | IceCv    | Reached skill level 15 in Invocations
 12421 | IceCv    | Killed a frost giant
 12657 | Lair:4   | Found a radiant altar of Vehumet.
 12677 | Lair:4   | Killed an entropy weaver
 13353 | Swamp:1  | Entered Level 1 of the Swamp
 13384 | Swamp:1  | Identified the ring of the Sky {rPois Slay+5} (You found it
                  | in an ice cave)
 13401 | Swamp:1  | Noticed Donald
 13402 | Swamp:1  | Found the ring of Robustness {AC+8}
 13419 | Swamp:1  | Killed Donald
 13440 | Swamp:1  | Reached skill level 10 in Dodging
 13536 | Swamp:1  | Reached XP level 15. HP: 144/144 MP: 1/1
 13669 | Swamp:3  | Noticed Roxanne
 13864 | Swamp:4  | Entered Level 4 of the Swamp
 14281 | Swamp:4  | Reached skill level 16 in Invocations
 14284 | Swamp:4  | Noticed the 27-headed Lernaean hydra
 14301 | Swamp:4  | Killed the 27-headed Lernaean hydra
 14360 | Swamp:4  | Got a decaying rune of Zot
 14647 | Snake:1  | Entered Level 1 of the Snake Pit
 14647 | Snake:1  | Found a large runed translucent door.
 14647 | Snake:1  | Found a large runed translucent door.
 14668 | Snake:1  | Noticed Aizul
 14702 | Snake:1  | Killed Aizul
 14790 | Snake:1  | Reached skill level 15 in Axes
 14827 | Snake:1  | Reached XP level 16. HP: 156/156 MP: 1/1
 14954 | Snake:1  | Found Ruog's General Store.
 15087 | Snake:1  | Noticed Hitos's ghost (journeyman DrSu)
 15118 | Snake:1  | Found Xebosh's General Store.
 15122 | Snake:1  | Bought a potion of heal wounds for 85 gold pieces
 15204 | Snake:1  | Found Limywam's Food Shoppe.
 15407 | Snake:1  | Noticed Frances
 15415 | Snake:1  | Killed Frances
 15418 | Snake:1  | Found a flickering gateway to a bazaar.
 15428 | Bazaar   | Entered a bazaar
 15428 | Bazaar   | Found Winubom's Antique Armour Shoppe.
 15428 | Bazaar   | Found Boveigud's Assorted Antiques.
 15428 | Bazaar   | Found Beal's Book Shop.
 15430 | Bazaar   | Found Onomu's Gadget Shop.
 15479 | Bazaar   | Bought a potion of mutation for 248 gold pieces
 15482 | Bazaar   | Bought a polished plate armour for 728 gold pieces
 15482 | Bazaar   | Bought a blackened chain mail for 247 gold pieces
 15482 | Bazaar   | Identified the +3 plate armour of Hysteria {*Slow rElec MR+
                  | SInv} (You bought it in a shop in a bazaar)
 15483 | Bazaar   | Identified the +4 chain mail "Ishradaet" {MR+} (You bought
                  | it in a shop in a bazaar)
 15773 | Snake:3  | Reached skill level 17 in Invocations
 15871 | Snake:3  | Noticed Agnes
 15888 | Snake:3  | Killed Agnes
 16055 | Snake:4  | Entered Level 4 of the Snake Pit
 16437 | Snake:4  | Found Lej Wadu's Distillery.
 16443 | Snake:4  | Bought a potion of resistance for 140 gold pieces
 16443 | Snake:4  | Bought a potion of heal wounds for 70 gold pieces
 16443 | Snake:4  | Bought a potion of might for 56 gold pieces
 16768 | Snake:4  | Reached skill level 18 in Invocations
 16770 | Snake:4  | Reached XP level 17. HP: 92/165 MP: 1/3
 16867 | Snake:4  | Got a serpentine rune of Zot
 17556 | Vaults:1 | Entered Level 1 of the Vaults
 18016 | Vaults:2 | Noticed a lich
 18019 | Vaults:2 | Noticed Nikola
 18033 | Vaults:2 | Killed a lich
 18057 | Vaults:2 | Killed Nikola
 18057 | Vaults:2 | Reached skill level 19 in Invocations
 18452 | Vaults:4 | Gained mutation: You passively map a large area around you.
                  | [Deep Dwarf growth]
 18452 | Vaults:4 | Reached XP level 18. HP: 177/177 MP: 4/4
 18549 | Vaults:5 | Entered Level 5 of the Vaults
 18598 | Vaults:5 | Reached skill level 15 in Fighting
 18660 | Vaults:5 | Noticed a tentacled monstrosity
 18674 | Vaults:5 | Killed a tentacled monstrosity
 18810 | Vaults:5 | Got a silver rune of Zot
 19028 | Vaults:4 | Reached skill level 20 in Invocations
 19284 | Depths:1 | Entered Level 1 of the Depths
 19618 | Depths:2 | Noticed a caustic shrike
 19620 | Depths:2 | Noticed a caustic shrike
 19624 | Depths:2 | Noticed a caustic shrike
 19624 | Depths:2 | Noticed a caustic shrike
 19630 | Depths:2 | Slain by a caustic shrike

Levels and vault maps discovered:
D:1:      lemuel_arrival_hallway, layout_basic, minmay_3d_cube
D:2:      layout_loops_ring, old_standard_altar
D:3:      layout_basic, nicolae_overflow_crystal_walls, first_ration,
          chequers_ecumenical_altar_twisty, uniq_crazy_yiuf_cottage
D:4:      layout_loops_ring
D:5:      layout_basic, okawaru_metal_pillars_1_2, minmay_temple_entry_waves
D:6:      layout_layer_cave, zin_angel, minmay_ruffians
D:7:      layout_basic, grunt_gozag_statues, serial_shops, shop, uniq_joseph,
          uniq_harold
D:8:      layout_rooms, david_lair_shrubbed
D:9:      layout_roguey, lemuel_crystal_altar, uniq_grum
D:10:     layout_roguey, david_orc_4, hangedman_stone_soup,
          minmay_guarded_unrand_staff_of_olgreb
D:11:     layout_loops_ring, serial_undead, serial_undead_b, serial_undead_e,
          serial_undead_e, serial_undead_a, kennysheep_windowed_goal
D:12:     layout_irregular_city
D:13:     layout_long_grid, grunt_vaults_entry_tiered,
          ebering_ghost_rock_garden, kennysheep_another_room
D:14:     layout_stronghold, minivault_4, elyvilon_altar_4
D:15:     hangedman_depths_entry_try_elsewhere_first, layout_stronghold,
          nicolae_lava_and_water, ebering_ghost_xom
Temple:   nicolae_temple_x_marks_the_god
Lair:1:   layout_layer_cave
Lair:2:   layout_gridlike, lemuel_fruit_fields, uniq_erica
Lair:3:   layout_roguey, minmay_swamp_entry_worms, guppyfry_snake_entry_island,
          uniq_fannar
Lair:4:   layout_small_grid, portal_ice_cave_entry_pillars_2, basic_altar,
          special_room [special_room_bee], zaba_anthell
Lair:5:   layout_regular_city, minmay_slime_entry_oklob_enclosed,
          ebering_ghost_reflecting_pool, beast_lair_carwin_3, uniq_urug,
          uniq_sonja
Swamp:1:  layout_basic_swamp, evilmike_swamp_ruin_house_4, uniq_donald
Swamp:2:  layout_basic_swamp, hangedman_swamp_lotus, uniq_kirke
Swamp:3:  layout_falls_marsh, hangedman_swamp_cone, uniq_roxanne
Swamp:4:  swamp_old_school, layout_basic_swamp, swamp_pool1
Snake:1:  layout_grid_maze, serial_shops, bzr_in_the_mist, nicolae_shop_crystal,
          nicolae_shop_stone, shop, ebering_ghost_disaster_area, uniq_frances,
          uniq_aizul
Snake:2:  layout_onion_interference, grunt_megastairs_4
Snake:3:  layout_basic, uniq_agnes
Snake:4:  snake_pit, layout_chambers, serial_shops, shop_fountains,
          grunt_ministairs_12, drop_trap, serial_bayou_shore_a
Vaults:1: hangedman_vaults_pinch, v_misc_4, nicolae_vaults_diagonal_hallway_6,
          nicolae_vaults_mini_display_case, vaults_room_door_ring,
          hangedman_vaults_trim, layout_vaults_quadrants, serial_shops,
          nicolae_shop_overgrown_old_shop
Vaults:2: st_smaller_cells, minmay_crypt_entry_necro_gods, hangedman_vaults_hat,
          nicolae_vaults_big_angled_halls, hangedman_vaults_river_flow,
          hangedman_vaults_unwind, nicolae_vaults_network_s,
          nicolae_vaults_specimen_jars, vaults_mumra_minichess,
          vaults_room_corners, grunt_vaults_bifocal,
          nicolae_vaults_little_squares_3, ontoclasm_vaults_ring_small,
          layout_vaults_omnibox, uniq_nikola
Vaults:3: nicolae_vaults_quartermaster, nicolae_vaults_network_quincunx
          [nicolae_vaults_network_quincunx_subvault,
          nicolae_vaults_network_quincunx_subvault,
          nicolae_vaults_network_quincunx_subvault,
          nicolae_vaults_network_quincunx_subvault,
          nicolae_vaults_network_quincunx_subvault], vaults_mumra_chevron,
          v_misc_1, v_rooms_6, nicolae_vaults_three_branches,
          ontoclasm_vaults_bender, vaults_room_pools,
          nicolae_vaults_little_squares_4, ontoclasm_vaults_misaligned,
          v_rooms_3, serial_ice_g, dpeg_vaults_monster_box,
          layout_vaults_big_cross
Vaults:4: vaults_standard_mumra_lines, v_misc_23, ontoclasm_vaults_ring_small,
          nicolae_vaults_little_squares_6, v_misc_12, nicolae_vaults_big_ls,
          grunt_vaults_trifunnel, hangedman_vaults_stretched_pinwheel,
          vaults_dpeg_hooks, st_cross, vaults_room_stairs_pillars,
          vaults_room_door_hall, vaults_room_corners, layout_vaults_big_room,
          serial_shops, shop
Vaults:5
Depths:1: layout_gridlike, serial_shops, kennysheep_mini_moat, hell_entry,
          hangedman_decor_clover_reticule, drop_trap,
          chequers_serial_rivers_large_a, lightli_church_of_beogh
Depths:2: minmay_the_grid_3x2 [minmay_the_grid_x, minmay_the_grid_spin_star,
          minmay_the_grid_aliased_spiral, minmay_the_grid_garden,
          minmay_the_grid_expand, minmay_the_grid_prize_four_corners],
          layout_cave_pools, pf_vacation_house_of_asmodeus, serial_rivers,
          chequers_serial_rivers_small_a, chequers_serial_rivers_marsh,
          chequers_serial_rivers_micro_d, chequers_serial_rivers_room_b,
          chequers_serial_rivers_micro_c, chequers_serial_rivers_micro_d

Skill      XL: |  1  2  3  4  5  6  7  8  9 10 11 12 13 14 15 16 17 18 |
---------------+-------------------------------------------------------+-----
Fighting       | 3 4 5 6 8 9 10 11 12 13 14 15 | 15.6
Axes           | 3 4 5 6 8 9 10 11 12 13 15 16 17 18 | 18.0
Dodging        | 1 2 3 4 5 6 7 8 9 10 | 10.2
Armour         | 4 5 6 7 8 9 10 11 12 13 | 13.5
Shields        | 4 5 6 7 8 9 10 11 12 13 | 13.5
Invocations    | 1 3 5 7 9 11 12 14 15 16 18 19 20 | 20.2

Action                   |  1- 3 |  4- 6 |  7- 9 | 10-12 | 13-15 | 16-18 || total
-------------------------+-------+-------+-------+-------+-------+-------++-------
Melee: War axe           |    58 |   150 |   248 |       |       |       ||   456
       Broad axe         |       |       |   122 |   897 |  1341 |  1213 ||  3573
       Headbutt          |       |       |       |   221 |   380 |   358 ||   959
Invok: Lesser Servant of |       |       |       |     6 |    23 |       ||    29
       Greater Servant o |       |       |       |       |     3 |     8 ||    11
 Abil: Heal Wounds       |     2 |    15 |    11 |    32 |    44 |     7 ||   111
Evoke: Wand              |       |       |       |       |     5 |       ||     5
  Use: Scroll            |       |       |     8 |    12 |    11 |     9 ||    40
       Potion            |       |       |       |     3 |    17 |     2 ||    22
 Stab: Distracted        |       |       |       |     1 |     9 |     3 ||    13
       Confused          |       |       |       |       |     8 |       ||     8
  Eat: Chunk             |       |     2 |     8 |    23 |    21 |    11 ||    65
       Ration            |       |       |       |     1 |       |     2 ||     3
Armor: Chain mail        |    30 |    61 |   206 |    46 |       |       ||   343
       Scale mail        |     2 |       |       |       |       |       ||     2
       Plate armour      |       |       |       |   536 |   514 |       ||  1050
       Crystal plate arm |       |       |       |       |   700 |   723 ||  1423
       Fire dragon scale |       |       |       |       |       |    45 ||    45
Dodge: Dodged            |    18 |    48 |   126 |   345 |   723 |   385 ||  1645
Block: Kite shield       |    23 |    88 |   219 |   685 |  1198 |   792 ||  3005
       Reflection        |       |       |       |       |     7 |    72 ||    79

Table legend:
 A = Non-vault XP
 B = Vault XP
 C = Vault XP percentage of total XP
 D = Non-vault monster count
 E = Vault monster count
 F = Vault count percentage of total count
                 A         B        C        D         E       F
            +---------+---------+-------+---------+---------+-------
      Total |  201131 |  172836 |  46.2 |     652 |     365 |  35.9
            +---------+---------+-------+---------+---------+-------
        D:1 |       4 |       3 |  42.9 |       3 |       2 |  40.0
        D:2 |      18 |       0 |   0.0 |       8 |       0 |   0.0
        D:3 |      79 |       0 |   0.0 |       5 |       0 |   0.0
        D:4 |     324 |       0 |   0.0 |      23 |       0 |   0.0
        D:5 |     781 |       0 |   0.0 |      21 |       0 |   0.0
        D:6 |     961 |     967 |  50.2 |      16 |       5 |  23.8
        D:7 |    1410 |    1464 |  50.9 |      29 |       2 |   6.5
        D:8 |    1839 |     378 |  17.1 |      17 |       1 |   5.6
        D:9 |    1252 |     433 |  25.7 |      29 |       3 |   9.4
       D:10 |    1067 |    1104 |  50.9 |      18 |      22 |  55.0
       D:11 |    3708 |    1405 |  27.5 |      29 |      11 |  27.5
       D:12 |    4109 |       0 |   0.0 |      28 |       0 |   0.0
       D:13 |    5301 |    6444 |  54.9 |      42 |      25 |  37.3
       D:14 |    3654 |       0 |   0.0 |      14 |       0 |   0.0
       D:15 |   18390 |    2238 |  10.8 |      57 |       3 |   5.0
     Lair:1 |     699 |       0 |   0.0 |       2 |       0 |   0.0
     Lair:2 |   10445 |     955 |   8.4 |      41 |       1 |   2.4
     Lair:3 |    3865 |    2300 |  37.3 |      17 |       7 |  29.2
     Lair:4 |    2147 |    7507 |  77.8 |       8 |      66 |  89.2
     Lair:5 |     103 |    1517 |  93.6 |       1 |       4 |  80.0
    Swamp:1 |    3725 |    1549 |  29.4 |      14 |       1 |   6.7
    Swamp:2 |    3962 |       0 |   0.0 |       9 |       0 |   0.0
    Swamp:3 |    3369 |       0 |   0.0 |      10 |       0 |   0.0
    Swamp:4 |    8576 |   20299 |  70.3 |      25 |      27 |  51.9
    Snake:1 |   17896 |    3799 |  17.5 |      34 |       2 |   5.6
    Snake:2 |    1255 |     936 |  42.7 |       2 |       2 |  50.0
    Snake:3 |   12070 |    2107 |  14.9 |      23 |       1 |   4.2
    Snake:4 |   16201 |   28426 |  63.7 |      30 |      51 |  63.0
   Vaults:2 |   29919 |   21924 |  42.3 |      37 |      23 |  38.3
   Vaults:3 |     911 |       0 |   0.0 |       1 |       0 |   0.0
   Vaults:4 |   23241 |   17170 |  42.5 |      36 |      22 |  37.9
   Vaults:5 |    4246 |   29560 |  87.4 |       5 |      27 |  84.4
   Depths:1 |    2594 |       0 |   0.0 |       2 |       0 |   0.0
   Depths:2 |   13010 |    8335 |  39.0 |      16 |       8 |  33.3
      IceCv |       0 |   12016 | 100.0 |       0 |      49 | 100.0
            +---------+---------+-------+---------+---------+-------
